 Dungeon Crawl Stone Soup version 0.14-a0-736-g2a71271 (webtiles) character file.

191 Malachi the Insei (level 4, -2/35 HPs)
             Began as a Draconian Transmuter on Nov 7, 2013.
             Killed by divine providence
             ... invoked by an orc priest
              (12 damage)
             ... on Level 3 of the Dungeon.
             The game lasted 00:03:29 (2981 turns).

Malachi the Insei (Draconian Transmuter)            Turns: 2981, Time: 00:03:29

HP  -2/35        AC  5     Str 12      XL: 4   Next: 44%
MP   4/6         EV 12     Int 14      God:
Gold 93          SH  0     Dex 12      Spells:  3 memorised,  1 level left

Res.Fire  : . . .   See Invis. : .     - Unarmed
Res.Cold  : . . .   Warding    : .   (armour unavailable)
Life Prot.: . . .   Conserve   : .   (no shield)
Res.Poison: .       Res.Corr.  : .   (helmet restricted)
Res.Elec. : .       Clarity    : .   (no cloak)
Sust.Abil.: . .     Spirit.Shd : .   (no gloves)
Res.Mut.  : .       Stasis     : .   (no boots)
Res.Rott. : .       Flight     : .   (no amulet)
Saprovore : . . .                    (no ring)
                                     (no ring)

@: slightly resistant to hostile enchantments, unstealthy
A: unfitting armour, AC +5
a: no special abilities


You were on level 3 of the Dungeon.
You were not hungry.

You visited 1 branch of the dungeon, and saw 3 of its levels.

You collected 93 gold pieces.

Inventory:

Missiles
 b - 31 arrows
Magical devices
 r - a wand of polymorph (13) {unknown}
Comestibles
 a - 2 bread rations
 h - 2 rotting chunks of orc flesh
 k - a rotting chunk of rat flesh
 o - 3 rotting chunks of orc flesh
 p - a chunk of bat flesh
Scrolls
 c - a scroll of teleportation {unknown}
 e - 3 scrolls of enchant weapon I {unknown}
 i - a scroll of fear {unknown}
 j - a scroll of magic mapping {unknown}
 l - 3 scrolls of remove curse {unknown}
 m - 4 scrolls of identify {unknown}
 n - 2 scrolls of curse weapon {unknown}
 q - a scroll of random uselessness {unknown}
Jewellery
 g - an uncursed amulet of resist corrosion {unknown}
Potions
 f - a potion of slowing {unknown}
Books
 d - a book of Changes

   Spells                             Type                      Level
   *Beastly Appendage                 Transmutation                1
   *Sticks to Snakes                  Transmutation                2
   *Spider Form                       Transmutation/Poison         3
   Ice Form                           Ice/Transmutation            4
   Blade Hands                        Transmutation                5


   Skills:
 + Level 1.2 Fighting
 + Level 2.1 Dodging
 + Level 4.0 Unarmed Combat
 - Level 2.0 Spellcasting
 * Level 3.1 Transmutations
 * Level 1.2 Poison Magic


You had one spell level left.
You knew the following spells:

 Your Spells              Type           Power        Failure   Level  Hunger
a - Beastly Appendage     Trmt           ##....       10%         1    ##.....
b - Sticks to Snakes      Trmt           ##........   12%         2    ###....
c - Spider Form           Trmt/Pois      #.........   30%         3    ####...


Dungeon Overview and Level Annotations

Branches:
Dungeon (3/27)

Altars:
Cheibriados

Annotations:
D:3 Zifmia's ghost, average OpEE


Message History

The orc completely misses you.
You hit the orc.
The orc looks even sicker.
The orc is severely wounded.
The orc priest calls down the wrath of Beogh upon you.
Something smites you! The orc hits you with an orcish club.
You hit the orc.
You kill the orc!
The orc priest misses you. Zifmia's ghost misses you.
You hit Zifmia's ghost.
Zifmia's ghost is lightly damaged.
The orc priest becomes somewhat translucent.
Zifmia's ghost gestures at you while chanting.
The stone arrow hits you!
* * * LOW HITPOINT WARNING * * *
The orc priest's eyes start to glow.
Your transformation has ended.
You fall off the wall.
The orc priest calls down the wrath of Beogh upon you.
Something smites you!
You die...

#..# #.# #..# #.###
#..######### ##### #....
#........... !..... ...
#.########## ....... ...
#.# ....... ... #.#
....... ...
#.##############).......
...
#.....(......@.oo.......
...
#..............p........
..
#.................#####
## #..#############.$#
#..# ..# #..# ..# #..#
..# #..# ..# #..# .


You could see 2 orc priests and Zifmia's ghost.

Vanquished Creatures
  5 adders
  A giant gecko (D:3)
  12 orcs (D:3)
  3 bats
  2 giant cockroaches (D:2)
  2 goblins
  5 hobgoblins
  4 kobolds
  A giant newt (D:1)
  5 rats
40 creatures vanquished.

Notes
Turn   | Place    | Note
--------------------------------------------------------------
     0 | D:1      | Malachi, the Draconian Transmuter, began the quest for the Orb.
     0 | D:1      | Reached XP level 1. HP: 16/16 MP: 1/1
   366 | D:1      | Reached XP level 2. HP: 20/23 MP: 3/3
   683 | D:1      | Learned a level 2 spell: Sticks to Snakes
   951 | D:2      | Reached XP level 3. HP: 20/28 MP: 2/4
   957 | D:2      | Learned a level 3 spell: Spider Form
  1167 | D:2      | HP: 1/28 [poisoned by an adder]
  1768 | D:2      | Found a snail-covered altar of Cheibriados.
  1912 | D:3      | Reached skill level 4 in Unarmed Combat
  2340 | D:2      | Reached skill level 1 in Poison Magic
  2340 | D:2      | Reached XP level 4. HP: 18/35 MP: 4/6
  2967 | D:3      | Noticed Zifmia's ghost (average OpEE)
  2981 | D:3      | Killed from afar by an orc priest

Action                   |  1- 3 |  4- 6 || total
-------------------------+-------+-------++-------
Melee: Unarmed           |   106 |    37 ||   143
 Cast: Beastly Appendage |    10 |     2 ||    12
       Spider Form       |     1 |     2 ||     3
 Abil: End Transformatio |       |     1 ||     1
